 Dungeon Crawl Stone Soup version 0.21.0-3-g78d12a8 (webtiles) character file.

93067 troglodite the Blocker (level 15, -10/117 HPs)
             Began as a Demonspawn Berserker on Jan 8, 2018.
             Was a High Priest of Trog.
             Mangled by a spriggan rider
             ... wielding a +2 mace of holy wrath
              (28 damage)
             ... on level 3 of the Swamp on Jan 9, 2018.
             The game lasted 01:49:21 (27051 turns).

troglodite the Blocker (Demonspawn Berserker)      Turns: 27051, Time: 01:49:22

Health: -10/117    AC: 45    Str: 27    XL:     15   Next: 59%
Magic:  15/15      EV: 14    Int: 14    God:    Trog [*****.]
Gold:   335        SH: 15    Dex: 20    Spells: 14/14 levels left

rFire    x . .     SeeInvis .   M - +9 mace of Ragnarok {drain, Int+5 Dex+3}
rCold    + + +     Gourm    .   n - +0 shield
rNeg     . . .     Faith    +   g - +14 plate armour "Coitixel" {rF- rCorr Str+5 Stlth+}
rPois    .         Spirit   .   N - +2 hat
rElec    .         Reflect  .   B - +2 cloak {+Inv}
rCorr    +         Harm     .   t - +2 pair of gloves
MR       ++...                  S - +2 pair of boots of the Assassin {Detection Stab+ Stlth++}
Stlth    +++.......             A - amulet of faith
HPRegen  3.29/turn              e - ring "Wayskuph" {MR+ AC+1}
MPRegen  0.14/turn              k - ring "Aggid" {+Fly rC++ Str+3}

@: no status effects
A: horns 2, thin metallic scales 2, camouflage 1, cold resistance 1, demonic
guardian 3, sense surroundings 1, powered by death 2, MP-powered wands
a: Berserk, Trog's Hand, Brothers in Arms, Burn Spellbooks, Renounce Religion,
Evoke Invisibility, Evoke Flight


You were on level 3 of the Swamp.
You worshipped Trog.
Trog was extremely pleased with you.
You were not hungry.

You visited 4 branches of the dungeon, and saw 23 of its levels.
You also visited: Labyrinth and Ice Cave.

You collected 3331 gold pieces.
You spent 2996 gold pieces at shops.

Inventory:

Hand Weapons
 C - a +9 scimitar of flaming
 M - the +9 mace of Ragnarok (weapon) {drain, Int+5 Dex+3}
   (You took it off a kobold on level 10 of the Dungeon)

   A truly terrible weapon, it drains the life of those it strikes.
   It affects your intelligence (+5).
   It affects your dexterity (+3).
Armour
 g - the +14 plate armour "Coitixel" (worn) {rF- rCorr Str+5 Stlth+}
   (You bought it in a shop on level 2 of the Orcish Mines)

   It affects your strength (+5).
   It makes you vulnerable to fire.
   It protects you from acid and corrosion.
   It makes you more stealthy.
 n - a +0 shield (worn)
 t - a +2 pair of gloves (worn)
 B - a +2 cloak of invisibility (worn)
 N - a +2 hat (worn)
 S - the +2 pair of boots of the Assassin (worn) {Detection Stab+ Stlth++}
   (You bought it in a shop on level 2 of the Orcish Mines)

   It makes you much more stealthy.
Jewellery
 e - the ring "Wayskuph" (left hand) {MR+ AC+1}
   (You took it off a minotaur in a labyrinth)

   [ring of protection]

   It affects your AC (+1).
   It affects your resistance to hostile enchantments.
 k - the ring "Aggid" (right hand) {+Fly rC++ Str+3}
   (You found it on level 4 of the Dungeon)

   [ring of flight]

   It affects your strength (+3).
   It greatly protects you from cold.
   It lets you fly.
 r - a +3 ring of protection
 y - an uncursed ring of protection from magic
 A - an amulet of faith (around neck)
 G - an uncursed ring of resist corrosion
 J - a +3 ring of evasion
 T - a +3 ring of intelligence
Wands
 a - a wand of flame (71)
 v - a wand of enslavement (13)
 z - a wand of random effects (62)
 E - a wand of polymorph (51)
 H - a wand of paralysis (27)
 L - a wand of disintegration (20)
 P - a wand of iceblast (14)
 X - a wand of digging (17)
Scrolls
 d - a scroll of identify
 f - 13 scrolls of teleportation
 h - 2 scrolls of summoning
 m - 8 scrolls of remove curse
 p - 2 scrolls of fear
 R - 2 scrolls of magic mapping
 W - 2 scrolls of fog
Potions
 b - 7 potions of resistance
 i - 3 potions of brilliance
 j - 6 potions of heal wounds
 l - 5 potions of haste
 o - 9 potions of curing
 q - 3 potions of cancellation
 u - 5 potions of lignification
 x - a potion of invisibility
 D - 7 potions of flight
 I - 2 potions of agility
 K - 2 potions of mutation
 Q - 2 potions of magic
 U - a potion of might
Comestibles
 c - 18 rations
 s - 8 chunks of flesh


   Skills:
 * Level 10.9 Fighting
 + Level 4.8 Long Blades
 + Level 9.2 Maces & Flails
   Level 5.8 Polearms
 * Level 11.4 Armour
 * Level 10.0 Dodging
 * Level 6.6 Stealth
 * Level 14.0 Shields


You had 14 spell levels left.
You didn't know any spells.

Dungeon Overview and Level Annotations

Branches:
Dungeon (12/15)            Temple (0/1) D:7            Lair (6/6) D:10
  Swamp (3/4) Lair:3       Spider (0/4) Lair:2        Slime (0/5) Lair:5
    Orc (2/2) D:10            Elf (0/3) Orc:2

Altars:
Fedhas
Hepliaklqana
Kikubaaqudgha
Makhleb
Nemelex Xobeh
Okawaru
Qazlal
Trog
Uskayaw
Wu Jian
Yredelemnul
Beogh

Shops:
D:10 (   D:11 *=[[   Orc:2 [([:


Innate Abilities, Weirdness & Mutations

You have a pair of horns on your head.
You are mostly covered in thin metallic scales. (AC +3)
A powerful demonic guardian rushes to your aid.
You regenerate health from kills.
Your skin changes colour to match your surroundings (Stealth+).
Your flesh is cold resistant. (rC+)
You passively map a small area around you.
You expend magic power (3 MP) to strengthen your wands.


Message History

Unknown command.
You bludgeon the spriggan rider!! The spriggan rider blocks your attack.
The spriggan rider is heavily wounded.
Your ogre barely misses the spriggan rider.
You block the spriggan rider's attack.
Unknown command.
The spriggan rider blocks your attack.
Your headbutt misses the spriggan rider.
The spriggan rider is heavily wounded.
The spriggan rider blocks your ogre's attack.
The spriggan rider hits you with an uncursed mace of holy wrath!!
You convulse.
Unknown command.
You hit the spriggan rider. You headbutt the spriggan rider!
The spriggan rider is severely wounded.
Your ogre misses the spriggan rider.
The spriggan rider hits you with an uncursed mace of holy wrath!!
* * * LOW HITPOINT WARNING * * *
You convulse!!
You die...

>≈≈≈≈.≈≈≈...≈≈≈♣≈♣ * .≈ *
.≈≈≈≈.≈≈≈.≈..♣♣♣♣♣ ♣§≈. ≈
,
.≈≈≈≈.≈≈≈≈..≈...≈♣♣♣≈≈.≈
,
.......≈≈≈[≈≈≈≈≈≈≈≈≈♣≈≈♣*
≈..)..≈≈≈.♣♣♣.§≈≈≈≈..≈≈.
,, ≈.≈..≈≈≈..♣
♣≈..≈≈≈.(... ..♣♣♣...≈
♣♣...≈....♣♣ ≈ * ♣♣♣ ♣≈♣*
♣.≈..≈≈..≈.. ≈ * ..,
♣.≈.@i§≈≈≈≈≈ *
♣♣♣.O..≈≈≈≈≈ ,
*♣.†♣≈>≈≈§. ♣≈≈≈♣♣..≈..
♣≈≈.♣♣*♣...≈ , ♣.>≈♣ ♣≈♣♣
≈ ♣♣♣♣♣ *♣♣ ≈ *


You could see a spriggan rider (berserk) and a friendly ogre (berserk).

Vanquished Creatures
  A frost giant (IceCv)
  An orc warlord (Orc:2)
  Snorg (Orc:2)
  A minotaur (Lab)
  2 fire dragons (Lair:6)
  3 hydras
  Erolcha (D:9)
  Harold (Lair:1)
  Erica (D:9)
  6 alligators
  2 two-headed ogres
  7 death yaks (Lair:6)
  2 spriggans (Swamp:2)
  A shambling mangrove (Swamp:3)
  2 swamp dragons
  A lindwurm (Lair:6)
  A wolf spider zombie (D:8)
  An oklob plant (D:10)
  4 orc sorcerers
  A manticore (D:11)
  Pikel (D:8)
  A deep elf mage (D:11)
  7 elephants
  A centaur zombie (D:11)
  2 cyclopes
  6 black mambas
  Joseph (D:8)
  Psyche (D:8)
  2 torpor snails (Lair:6)
  An ice statue (IceCv)
  A centaur skeleton (D:10)
  A gargoyle (D:12)
  16 spiny frogs
  4 rime drakes
  6 komodo dragons
  3 trolls
  5 tyrant leeches
  19 polar bears
  12 hornets
  3 slime creatures (Swamp:2)
  2 dream sheep (Lair:5)
  3 hippogriffs
  A meliai zombie (D:12)
  8 blink frogs
  2 bog bodies
  2 shadows
  40 yaks
  Grum (D:9)
  3 wyverns
  A basilisk (Lair:6)
  20 vampire mosquitoes
  Menkaure (D:7)
  A steam dragon (Lair:6)
  A warg (Orc:1)
  An acid dragon (D:11)
  5 insubstantial wisps (Swamp:1)
  6 water moccasins
  19 swamp worms
  14 porcupines
  9 swamp drakes
  38 orc warriors
  An ice beast (D:7)
  A slave (D:8)
  2 sky beasts
  A necrophage (D:10)
  5 phantoms
  15 wolves
  2 black bears
  12 centaurs
  9 ogres
  2 big kobolds
  18 crocodiles
  6 bullfrogs
  A wyvern zombie (D:11)
  2 wyvern skeletons
  5 scorpions
  A water moccasin skeleton (D:7)
  A howler monkey (D:10)
  3 electric eels
  8 crimson imps
  2 hounds
  13 jellies
  28 orc wizards
  21 orc priests
  7 worker ants
  2 hound zombies
  A hound skeleton (D:9)
  10 adders
  4 gnolls (D:4)
  3 shadow imps
  12 white imps (Lair:5)
  2 oozes
  2 adder zombies
  3 adder skeletons
  A dart slug (D:3)
  8 leopard geckos
  97 orcs
  2 ball pythons
  5 bats
  3 giant cockroaches
  5 goblins
  7 hobgoblins
  4 quokkas
  3 frilled lizards
  15 kobolds
  A leopard gecko skeleton (D:4)
  6 rats
  2 briar patches (Swamp:2)
  A fungus (Lair:4)
  3 plants
679 creatures vanquished.

Vanquished Creatures (collateral kills)
  Saint Roka (Orc:2)
  Kirke (Lair:6)
  A thorn hunter (Swamp:2)
  5 hydras
  A catoblepas (Lair:6)
  2 alligators
  Urug (Lair:2)
  5 death yaks (Lair:6)
  A swamp dragon (Lair:6)
  An orc knight (Orc:1)
  A lindwurm (Lair:6)
  An orb spider (Lair:2)
  3 orc sorcerers (Orc:2)
  3 elephants
  3 torpor snails (Lair:6)
  2 komodo dragons (Lair:6)
  A troll (Orc:2)
  A polar bear (IceCv)
  5 hornets
  A bog body (Swamp:2)
  4 dream sheep (Lair:5)
  2 hippogriffs
  5 blink frogs (Lair:5)
  2 spriggans (Swamp:2)
  A wraith (D:11)
  11 yaks
  A vampire mosquito (Swamp:2)
  2 wargs (Orc:2)
  11 orc warriors
  A swamp drake (Swamp:3)
  An eye of draining (D:10)
  A wolf (IceCv)
  3 bullfrogs
  A hound (D:8)
  2 orc priests (Orc:2)
  7 orc wizards
  29 orcs
  6 kobolds (D:11)
  A quokka (D:9)
  A plant (Lair:6)
132 creatures vanquished.

Vanquished Creatures (others)
  5 humans (Lair:6)
  A slave (D:8)
  A worker ant (D:8)
  3 briar patches (Swamp:2)
  2 fungi (Lair:6)
  10 plants
22 creatures vanquished.

Grand Total: 833 creatures vanquished

Notes
Turn   | Place    | Note
-------+----------+-------------------------------------------
     0 | D:1      | troglodite the Demonspawn Berserker began the quest for the Orb.
     0 | D:1      | Reached XP level 1. HP: 18/18 MP: 1/1
   356 | D:1      | Gained mutation: You have a pair of small horns on your head. [demonic ancestry]
   356 | D:1      | Reached XP level 2. HP: 8/24 MP: 2/2
  1170 | D:2      | Found a stormy altar of Qazlal.
  1329 | D:2      | Found a blossoming altar of Fedhas.
  1654 | D:3      | Reached ** piety under Trog
  1654 | D:3      | Reached XP level 3. HP: 29/29 MP: 3/3
  1682 | D:3      | Found an iron altar of Okawaru.
  1800 | D:3      | Noticed a scorpion
  1813 | D:3      | Killed a scorpion
  1813 | D:3      | Reached skill level 1 in Shields
  1813 | D:3      | Gained mutation: You regenerate a little health from kills. [demonic ancestry]
  1813 | D:3      | Reached XP level 4. HP: 19/36 MP: 4/4
  2356 | D:3      | Reached skill level 2 in Shields
  2356 | D:3      | Reached XP level 5. HP: 42/42 MP: 5/5
  2567 | D:3      | You fall through a shaft!
  2781 | D:4      | Found a basalt altar of Yredelemnul.
  3101 | D:4      | Found an ancient bone altar of Kikubaaqudgha.
  3101 | D:4      | Found a bloodstained altar of Trog.
  3116 | D:4      | Reached skill level 1 in Polearms
  4199 | D:4      | Reached XP level 6. HP: 29/48 MP: 6/6
  4585 | D:4      | Got a flickering lapis lazuli ring
  4587 | D:4      | Identified the ring "Aggid" {+Fly rC++ Str+3} (You found it on level 4 of the Dungeon)
  4776 | D:5      | Entered Level 5 of the Dungeon
  4849 | D:5      | Noticed a water moccasin
  4860 | D:5      | Killed a water moccasin
  5059 | D:5      | Reached skill level 3 in Shields
  5212 | D:5      | Found a sparkling altar of Nemelex Xobeh.
  5560 | D:5      | Gained mutation: You are partially covered in thin metallic scales. (AC +2) [demonic ancestry]
  5560 | D:5      | Reached XP level 7. HP: 49/54 MP: 7/7
  5809 | D:6      | Found a hide-covered altar of Uskayaw.
  6423 | D:6      | Noticed a two-headed ogre
  6437 | D:6      | Killed a two-headed ogre
  6437 | D:6      | Reached skill level 5 in Armour
  6437 | D:6      | Reached skill level 4 in Shields
  6437 | D:6      | Gained mutation: You are mostly covered in thin metallic scales. (AC +3) [demonic ancestry]
  6437 | D:6      | Reached XP level 8. HP: 31/61 MP: 8/8
  6759 | D:6      | Reached skill level 5 in Shields
  6859 | D:7      | Reached skill level 5 in Fighting
  6927 | D:7      | Reached *** piety under Trog
  7080 | D:7      | Noticed a hornet
  7081 | D:7      | Paralysed by a hornet for 3 turns
  7104 | D:7      | Killed a hornet
  7201 | D:7      | Found a staircase to the Ecumenical Temple.
  7350 | D:7      | Noticed Menkaure
  7355 | D:7      | Killed Menkaure
  7355 | D:7      | Reached XP level 9. HP: 68/68 MP: 9/9
  7429 | D:7      | Reached skill level 6 in Shields
  7791 | D:8      | Noticed Pikel
  7832 | D:8      | Killed Pikel
  8029 | D:8      | Reached **** piety under Trog
  8102 | D:8      | Reached skill level 7 in Shields
  8155 | D:8      | Noticed Joseph
  8173 | D:8      | Killed Joseph
  8253 | D:8      | Got a clouded tin amulet
  8255 | D:8      | Identified the amulet "Goanad" {Harm *Drain rElec Str-2 SInv} (You found it on level 8 of the Dungeon)
  8430 | D:8      | Reached skill level 5 in Polearms
  8430 | D:8      | Reached skill level 5 in Dodging
  8548 | D:8      | Gained mutation: A weak demonic guardian rushes to your aid. [demonic ancestry]
  8548 | D:8      | Reached XP level 10. HP: 76/76 MP: 10/10
  8691 | D:8      | Got a pitted leather armour
  8702 | D:8      | Identified the +1 leather armour "Caathroaf" {Str+2} (You found it on level 8 of the Dungeon)
  8740 | D:8      | Noticed Psyche
  8744 | D:8      | Killed Psyche
  9028 | D:9      | Noticed Erolcha
  9038 | D:9      | Killed Erolcha
  9038 | D:9      | Reached skill level 8 in Shields
  9214 | D:9      | Found a burning altar of Makhleb.
  9420 | D:9      | Noticed Erica
  9443 | D:9      | Killed Erica
  9613 | D:9      | Noticed Grum
  9641 | D:9      | Killed Grum
  9925 | D:9      | Found an ornate altar of the Wu Jian Council.
 10380 | D:10     | Entered Level 10 of the Dungeon
 10532 | D:10     | Reached skill level 1 in Stealth
 10541 | D:10     | Found Xuoxteot's Weapon Boutique.
 10566 | D:10     | Found a staircase to the Orcish Mines.
 10590 | D:10     | Noticed a two-headed ogre
 10769 | D:10     | Gained mutation: You have a pair of horns on your head. [demonic ancestry]
 10769 | D:10     | Reached XP level 11. HP: 83/83 MP: 11/11
 10912 | D:10     | Found a staircase to the Lair.
 10912 | D:10     | Noticed an oklob plant
 10985 | D:10     | Killed an oklob plant
 10985 | D:10     | Reached skill level 9 in Shields
 11000 | D:10     | Reached ***** piety under Trog
 11016 | D:10     | Got a smoking mace {drain}
 11025 | D:10     | Identified the +9 mace of Ragnarok {drain, Int+5 Dex+3} (You took it off a kobold on level 10 of the Dungeon)
 11111 | D:10     | Killed a two-headed ogre
 11553 | D:11     | Found Qoejaac's Assorted Antiques.
 11630 | D:11     | Found Tuosuys's Jewellery Emporium.
 11650 | D:11     | Reached skill level 1 in Maces & Flails
 11676 | D:11     | Received a gift from Trog
 12032 | D:11     | Found a hazy altar of Hepliaklqana.
 12049 | D:11     | Found Qaankaqig's Armour Shoppe.
 12193 | D:11     | Found Hetzuly's Armour Boutique.
 12196 | D:11     | Bought a +2 hat for 272 gold pieces
 12269 | D:11     | Noticed a deep elf mage
 12276 | D:11     | Killed a deep elf mage
 12744 | D:12     | Noticed an eight-headed hydra
 12753 | D:12     | Killed an eight-headed hydra
 12905 | D:12     | Gained mutation: You regenerate health from kills. [demonic ancestry]
 12905 | D:12     | Reached XP level 12. HP: 87/92 MP: 12/12
 13096 | D:12     | Noticed an eight-headed hydra
 13107 | D:12     | Killed an eight-headed hydra
 13545 | Orc:1    | Entered Level 1 of the Orcish Mines
 13556 | Orc:1    | Received a gift from Trog
 13565 | Orc:1    | Reached skill level 10 in Shields
 13841 | Orc:1    | Reached ****** piety under Trog
 14010 | Orc:2    | Entered Level 2 of the Orcish Mines
 14015 | Orc:2    | Paralysed by an orc sorcerer for 7 turns
 14091 | Orc:2    | Received a gift from Trog
 14107 | Orc:2    | Found a staircase to the Elven Halls.
 14162 | Orc:2    | Noticed an orc warlord
 14309 | Orc:2    | Killed an orc warlord
 14380 | Orc:2    | Found a roughly hewn altar of Beogh.
 14510 | Orc:2    | Found a roughly hewn altar of Beogh.
 14528 | Orc:2    | Found Erusoeg's Antique Armour Emporium.
 14598 | Orc:2    | Found a roughly hewn altar of Beogh.
 14599 | Orc:2    | Found Lisydeni's Book Shop.
 14632 | Orc:2    | Reached skill level 5 in Maces & Flails
 14712 | Orc:2    | Noticed Snorg
 14722 | Orc:2    | Killed Snorg
 14759 | Orc:2    | Found a roughly hewn altar of Beogh.
 14763 | Orc:2    | Received a gift from Trog
 14848 | Orc:2    | Found a roughly hewn altar of Beogh.
 14991 | Orc:2    | Noticed Saint Roka
 15290 | Orc:2    | Reached skill level 11 in Shields
 15292 | Orc:2    | Paralysed by an orc sorcerer for 5 turns
 15306 | Orc:2    | Killed Saint Roka
 15306 | Orc:2    | Gained mutation: A demonic guardian rushes to your aid. [demonic ancestry]
 15306 | Orc:2    | Reached XP level 13. HP: 87/100 MP: 13/13
 15323 | Orc:2    | Found Zaoqiojo's Antique Armour Shop.
 15327 | Orc:2    | Found a roughly hewn altar of Beogh.
 15335 | Orc:2    | Found Cylif's Antique Weapon Boutique.
 15761 | Orc:2    | Bought the +2 pair of boots of the Assassin {Detection Stab+ Stlth++} for 1800 gold pieces
 15761 | Orc:2    | Found the +2 pair of boots of the Assassin {Detection Stab+ Stlth++}
 15883 | Lair:1   | Entered Level 1 of the Lair of Beasts
 15999 | Lair:1   | Noticed Harold
 16021 | Lair:1   | Killed Harold
 16126 | Lair:1   | Received a gift from Trog
 16207 | Lair:1   | Found a labyrinth entrance.
 16217 | Lab      | Entered a labyrinth
 16799 | Lab      | Noticed a minotaur
 16808 | Lab      | Killed a minotaur
 16810 | Lab      | Got a clouded wooden ring
 16815 | Lab      | Got a warped flail {pain}
 16829 | Lab      | Identified the ring "Wayskuph" {MR+ AC+1} (You took it off a minotaur in a labyrinth)
 16841 | Lab      | Identified the cursed +0 flail "Bedden" {pain, -Tele rPois Dex+5} (You took it off a minotaur in a labyrinth)
 17296 | Lair:2   | Found a hole to the Spider Nest.
 17547 | Lair:2   | Noticed Urug
 17552 | Lair:2   | Killed Urug
 18170 | Lair:3   | Reached skill level 10 in Armour
 18740 | Lair:3   | Found a staircase to the Swamp.
 20146 | Lair:5   | Found a frozen archway.
 20174 | IceCv    | Entered an ice cave
 20488 | IceCv    | Reached skill level 12 in Shields
 20615 | IceCv    | Noticed a frost giant
 20866 | IceCv    | Received a gift from Trog
 20874 | IceCv    | Killed a frost giant
 20874 | IceCv    | Gained mutation: A powerful demonic guardian rushes to your aid. [demonic ancestry]
 20874 | IceCv    | Reached XP level 14. HP: 42/109 MP: 14/14
 21812 | Lair:5   | Found a staircase to the Slime Pits.
 22104 | Lair:6   | Entered Level 6 of the Lair of Beasts
 22127 | Lair:6   | Received a gift from Trog
 22183 | Lair:6   | Reached skill level 10 in Fighting
 22403 | Lair:6   | Reached skill level 5 in Stealth
 22607 | Lair:6   | Reached skill level 13 in Shields
 23173 | Lair:6   | Received a gift from Trog
 23220 | Lair:6   | Got a crude chain mail
 23228 | Lair:6   | Identified the +8 chain mail of Fioze {Dex+3} (You found it on level 6 of the Lair of Beasts)
 23582 | Lair:6   | Found a runed door.
 23621 | Lair:6   | Noticed Kirke
 23626 | Lair:6   | Killed Kirke
 23633 | Lair:6   | Received a gift from Trog
 24133 | Lair:6   | Reached XP level 15. HP: 113/117 MP: 15/15
 24676 | Orc:2    | Bought a slimy plate armour for 924 gold pieces
 24686 | Orc:2    | Identified the +14 plate armour "Coitixel" {rF- rCorr Str+5 Stlth+} (You bought it in a shop on level 2 of the Orcish Mines)
 24911 | Swamp:1  | Entered Level 1 of the Swamp
 25181 | Swamp:1  | HP: 4/117 [poison (poison gas)]
 25415 | Swamp:1  | Gained mutation: You are clumsy. (Dex -2) [potion of mutation]
 25415 | Swamp:1  | Gained mutation: You can translocate small distances at will. [potion of mutation]
 25415 | Swamp:1  | Gained mutation: Your skin changes colour to match your surroundings (Stealth+). [potion of mutation]
 25415 | Swamp:1  | Gained mutation: Your flesh is cold resistant. (rC+) [potion of mutation]
 25416 | Swamp:1  | Lost mutation: You are clumsy. (Dex -2) [potion of mutation]
 25416 | Swamp:1  | Lost mutation: You can translocate small distances at will. [potion of mutation]
 25416 | Swamp:1  | Gained mutation: You expend magic power (3 MP) to strengthen your wands. [potion of mutation]
 25416 | Swamp:1  | Gained mutation: You passively map a small area around you. [potion of mutation]
 25923 | Swamp:2  | Received a gift from Trog
 25970 | Swamp:2  | Noticed a thorn hunter
 25988 | Swamp:2  | Killed a thorn hunter
 26930 | Swamp:3  | Reached skill level 14 in Shields
 27041 | Swamp:3  | Reached skill level 10 in Dodging
 27051 | Swamp:3  | Mangled by a spriggan rider

Skill      XL: |  1  2  3  4  5  6  7  8  9 10 11 12 13 14 15 |
---------------+----------------------------------------------+-----
Armour         | 2 3 5 6 7 8 9 10 11 | 11.4
Dodging        | 2 3 4 5 6 7 8 9 10 | 10.0
Long Blades    | 3 4 |  4.8
Shields        | 1 2 3 4 5 7 8 9 11 12 13 14 | 14.0
Polearms       | 1 3 5 |  5.8
Fighting       | 4 5 6 8 9 10 | 10.9
Stealth        | 1 2 4 5 6 |  6.6
Maces & Flails | 3 5 7 8 9 |  9.2

Action                   |  1- 3 |  4- 6 |  7- 9 | 10-12 | 13-15 || total
-------------------------+-------+-------+-------+-------+-------++-------
Melee: Falchion          |    98 |       |       |       |       ||    98
       Headbutt          |     8 |    32 |    87 |   197 |   437 ||   761
       Spear             |    15 |   225 |   388 |    83 |       ||   711
       Scimitar          |       |       |       |   177 |       ||   177
       Mace              |       |       |       |   519 |  1386 ||  1905
Invok: Berserk           |       |     2 |     5 |    13 |     4 ||    24
       Trog's Hand       |       |     1 |       |       |     1 ||     2
       Brothers in Arms  |       |       |       |     3 |     3 ||     6
       Burn Spellbooks   |       |       |       |       |     3 ||     3
  Use: Scroll            |       |       |    11 |     6 |    34 ||    51
       Potion            |       |       |       |       |     3 ||     3
 Stab: Distracted        |       |       |       |     9 |     4 ||    13
       Confused          |       |       |       |       |     2 ||     2
       Petrifying        |       |       |       |       |     1 ||     1
       Petrified         |       |       |       |       |     1 ||     1
       Sleeping          |       |       |       |       |     1 ||     1
  Eat: Chunk             |     3 |     7 |    11 |    26 |    36 ||    83
       Ration            |       |     2 |     1 |     3 |     3 ||     9
Armor: Animal skin       |    10 |       |       |       |       ||    10
       Leather armour    |    18 |    21 |       |       |       ||    39
       Plate armour      |       |    84 |   162 |   588 |   887 ||  1721
       Chain mail        |       |       |    10 |       |       ||    10
       Skin              |       |       |     6 |       |       ||     6
Dodge: Dodged            |    74 |    46 |    65 |   346 |   736 ||  1267
Block: Shield            |    34 |    87 |   197 |   657 |  1166 ||  2141
       Rpst.: Falchion   |    16 |       |       |       |       ||    16
       Scimitar          |       |       |       |    14 |       ||    14
